 Dungeon Crawl Stone Soup version 0.21.0 (webtiles) character file.

66831 mortelune the Destroyer (level 14, -2/127 HPs)
             Began as a Green Draconian Fire Elementalist on Jan 6, 2018.
             Was a High Priest of Vehumet.
             Slain by a wyvern (18 damage)
             ... on level 11 of the Dungeon.
             The game lasted 01:58:10 (34730 turns).

mortelune the Destroyer (DrFE)                     Turns: 34730, Time: 01:58:11

Health: -2/127     AC: 13    Str: 12    XL:     14   Next: 80%
Magic:  33/53      EV: 14    Int: 24    God:    Vehumet [*****.]
Gold:   1393       SH:  4    Dex: 12    Spells: 9/35 levels left

rFire    . . .     SeeInvis .   N - staff of power
rCold    . . .     Gourm    .   Z - +0 buckler
rNeg     . . .     Faith    .   (armour unavailable)
rPois    +         Spirit   .   y - +2 hat
rElec    .         Reflect  .   (no cloak)
rCorr    .         Harm     .   z - +1 pair of gloves
MR       +....                  q - +0 pair of boots
Stlth    ++........             r - amulet of rage
HPRegen  0.31/turn              k - +5 ring of intelligence
MPRegen  0.33/turn              K - ring of magical power

@: very slightly contaminated, drained
A: breathe noxious fumes, unfitting armour, stinger 1, poison resistance,
cold-blooded, AC +8
a: Breathe Noxious Fumes, Renounce Religion, Evoke Berserk Rage


You were on level 11 of the Dungeon.
You worshipped Vehumet.
Vehumet was extremely pleased with you.
You were not hungry.

You visited 3 branches of the dungeon, and saw 19 of its levels.

You collected 1453 gold pieces.
You spent 60 gold pieces at shops.

Inventory:

Hand Weapons
 x - a +1 eveningstar of freezing
 I - the +10 short sword of Tatutioth {pierce, Str+4}
   (You found it on level 7 of the Dungeon)

   It inflicts extra damage upon your enemies.
   It affects your strength (+4).
Missiles
 l - 2 curare-tipped needles
Armour
 q - a +0 pair of boots (worn)
 y - a +2 hat (worn)
 z - a +1 pair of gloves (worn)
 Z - a +0 buckler (worn)
Magical Staves
 d - an uncursed staff of fire
 N - an uncursed staff of power (weapon)
Jewellery
 k - a +5 ring of intelligence (left hand)
 r - an amulet of rage (around neck)
 s - an uncursed ring of protection from fire
 t - a -3 ring of evasion
 E - a +2 ring of strength
 J - an uncursed ring of wizardry
 K - a ring of magical power (right hand)
 Y - an uncursed ring of protection from magic
Wands
 g - a wand of acid (25)
 C - a wand of enslavement (23)
 H - a wand of paralysis (14)
 M - a wand of polymorph (15)
 O - a wand of clouds (12)
 T - a wand of flame (18)
Scrolls
 e - a scroll of blinking
 i - 5 scrolls of magic mapping
 m - 8 scrolls of teleportation
 p - 3 scrolls of fear {unknown}
 u - 5 scrolls of immolation
 v - 4 scrolls of enchant weapon
 A - 6 scrolls of identify
 D - a scroll of enchant armour {unknown}
 F - 2 scrolls of remove curse
 G - 2 scrolls of fog
 Q - a scroll of vulnerability {unknown}
 S - 3 scrolls of amnesia
 X - a scroll of silence {unknown}
Potions
 c - 3 potions of brilliance
 f - 7 potions of curing
 h - 2 potions of mutation
 j - a potion of agility
 n - 2 potions of lignification
 o - 6 potions of flight
 w - 3 potions of ambrosia
 P - 3 potions of might
 R - 2 potions of invisibility
 U - a potion of heal wounds
 W - 2 potions of haste
Books
 a - a book of Flames

   Spells                             Type                      Level
   a - Flame Tongue                   Conjuration/Fire             1
   b - Throw Flame                    Conjuration/Fire             2
   c - Conjure Flame                  Conjuration/Fire             3
   d - Inner Flame                    Hexes/Fire                   3
   e - Sticky Flame                   Conjuration/Fire             4
   f - Fireball                       Conjuration/Fire             5
 B - a book of Battle

   Spells                             Type                      Level
   a - Infusion                       Charms                       1
   b - Shroud of Golubria             Charms/Translocation         2
   c - Song of Slaying                Charms                       2
   d - Spectral Weapon                Hexes/Charms                 3
   e - Regeneration                   Charms/Necromancy            3
 L - a book of Air

   Spells                             Type                      Level
   a - Shock                          Conjuration/Air              1
   b - Swiftness                      Charms/Air                   2
   c - Static Discharge               Conjuration/Air              3
   d - Airstrike                      Air                          4
   e - Lightning Bolt                 Conjuration/Air              5
Comestibles
 b - 14 rations


   Skills:
 + Level 12.6(11.7) Fighting
 - Level 5.7(4.9) Dodging
 - Level 1.7(1.0) Stealth
 - Level 4.0(3.3) Shields
 + Level 11.2(10.3) Spellcasting
 - Level 13.4(12.4) Conjurations
 + Level 12.3(11.4) Fire Magic
 + Level 7.1(6.3) Air Magic


You had 9 spell levels left.
You knew the following spells:

 Your Spells              Type           Power        Failure   Level  Hunger
a - Flame Tongue          Conj/Fire      #####        1%          1    None
b - Throw Flame           Conj/Fire      ######       1%          2    None
c - Conjure Flame         Conj/Fire      ######..     1%          3    None
d - Sticky Flame          Conj/Fire      ######..     1%          4    #......
e - Freeze                Ice            ##..         1%          1    None
f - Summon Butterflies    Summ           ##......     5%          1    None
g - Airstrike             Air            #####.....   1%          4    #......
q - Lightning Bolt        Conj/Air       ######....   1%          5    ####...
z - Fireball              Conj/Fire      ######....   1%          5    ####...


Dungeon Overview and Level Annotations

Branches:
Dungeon (12/15)            Temple (1/1) D:4            Lair (6/6) D:8
 Shoals (0/4) Lair:3        Snake (0/4) Lair:2        Slime (0/5) Lair:5
    Orc (0/2) D:12

Altars:
Ashenzari
Cheibriados
Dithmenos
Elyvilon
Fedhas
Gozag
Hepliaklqana
Makhleb
Okawaru
Qazlal
Sif Muna
Uskayaw
Vehumet
Yredelemnul
Zin
Jiyva

Shops:
D:5 *

Annotations:
D:12 wojtek's ghost, journeyman MiFi


Innate Abilities, Weirdness & Mutations

You can breathe blasts of noxious fumes.
Your lurid green scales are hard. (AC +8)
You cannot fit into any form of body armour.
Your tail ends in a poisonous barb.
Your system is resistant to poisons. (rPois)
You are cold-blooded and may be slowed by cold attacks.


Message History

There is a stone staircase leading down here.
Blink to where?
Press: ? - help, Dir - move target cursor You are very lightly contaminated with residual magic.
As you read the scroll of blinking, it crumbles to dust.
Casting: Lightning Bolt
Confirm with . or Enter, or press ? or * to list all spells.
Aiming: Conjure Flame
Press: ? - help, Dir - move target cursor The fire ignites!
Things that are here:
19 arrows; an uncursed shortbow
Things that are here:
12 arrows; a glowing shortbow
Things that are here:
a potion of degeneration; a chain mail; a scimitar
Things that are here:
a chain mail; a hand axe The wyvern bites you!!
You die...

#### ###.(l### ######.
#..#############..(#...####......
....##..........W#####..l.....###
..........#####)[#######W...###
.....#########.[......###W.##
......# #..((......# ##W##
......# ##..(.......## ##.##
#.....# #.....l......# ##.##
#.....# ##.....@......# ##.##
##...## #.............# #..##
##.## ##.....<.......## ##..# ###
#.....[.........# ##..
#.............### ##.
##...........### ##
#.........#### # ######
##.....#..# ###### # .....#
#######..# #####....###


You could see a wraith and a wyvern.

Vanquished Creatures
  Josephine (D:12)
  An ice dragon (D:9)
  8 hydras
  Erica (D:10)
  2 centaur warriors
  4 two-headed ogres
  5 death yaks
  Urug (D:11)
  Nergalle (Lair:2)
  2 unseen horrors
  Pikel (D:8)
  4 oklob plants
  3 cyclopes
  3 ugly things
  3 merfolk sirens (Lair:3)
  4 black mambas
  3 centaur zombies
  28 spiny frogs
  4 rime drakes
  2 kobold demonologists
  A yaktaur (D:10)
  An efreet (D:9)
  12 komodo dragons
  A merfolk (Lair:3)
  A hornet (D:7)
  A polar bear (Lair:2)
  The ghost of othur the Cudgeler, an amateur DsCK of Xom (D:4)
  3 tyrant leeches (Lair:6)
  22 blink frogs
  4 slime creatures
  4 dream sheep (Lair:5)
  11 hippogriffs
  A meliai zombie (D:10)
  42 yaks
  Grum (D:8)
  2 hungry ghosts
  3 wraiths
  6 vampire mosquitoes (Lair:6)
  2 nagas (Lair:2)
  2 soldier ants
  4 porcupines
  11 water moccasins
  4 slaves
  8 orc warriors
  6 ice beasts
  A necrophage (D:8)
  2 sky beasts
  A black bear (D:8)
  An eye of draining (D:11)
  6 ogres
  9 wolves
  16 centaurs
  9 crocodiles
  2 big kobolds
  Blork the orc (D:5)
  30 bullfrogs
  A gnoll sergeant (D:10)
  5 scorpions
  6 killer bees
  2 wights
  2 electric eels (Lair:6)
  2 howler monkeys
  9 crimson imps
  A bullfrog zombie (D:9)
  9 jellies
  13 orc priests
  A quasit (D:5)
  4 bullfrog skeletons
  4 centaur skeletons
  16 orc wizards
  A gnoll shaman (D:10)
  7 iguanas
  Natasha (D:3)
  6 worker ants
  2 hell rats (Lair:3)
  Terence (D:3)
  A hound zombie (D:5)
  A hound skeleton (D:11)
  Robin (D:3)
  8 gnolls (D:10)
  10 adders
  7 river rats (Lair:3)
  7 shadow imps
  16 oozes
  2 adder skeletons
  2 adder zombies
  3 worms (D:2)
  A dart slug (D:2)
  3 leopard geckos
  53 orcs
  12 bats
  5 giant cockroaches
  23 goblins
  12 hobgoblins
  13 jackals
  14 kobolds
  11 quokkas
  6 frilled lizards
  2 jackal skeletons
  A leopard gecko skeleton (D:3)
  4 rats
  A bush (Lair:5)
  4 plants
629 creatures vanquished.

Vanquished Creatures (others)
  22 fungi
  50 plants
72 creatures vanquished.

Grand Total: 701 creatures vanquished

Notes
Turn   | Place    | Note
-------+----------+-------------------------------------------
     0 | D:1      | mortelune the Draconian Fire Elementalist began the quest for the Orb.
     0 | D:1      | Reached XP level 1. HP: 14/14 MP: 3/3
   724 | D:1      | Reached XP level 2. HP: 20/20 MP: 5/5
   954 | D:1      | Learned a level 2 spell: Throw Flame
  1575 | D:1      | Reached skill level 2 in Conjurations
  1928 | D:2      | Reached XP level 3. HP: 19/26 MP: 1/6
  3597 | D:2      | Found a blossoming altar of Fedhas.
  3598 | D:2      | Found a hazy altar of Hepliaklqana.
  3603 | D:2      | Reached XP level 4. HP: 31/33 MP: 2/7
  3725 | D:3      | Noticed Terence
  3807 | D:3      | Reached skill level 3 in Conjurations
  3868 | D:3      | Found a shattered altar of Ashenzari.
  3984 | D:3      | Learned a level 3 spell: Conjure Flame
  4279 | D:3      | Noticed Robin
  4380 | D:3      | Killed Robin
  4991 | D:3      | Noticed Natasha
  5123 | D:3      | Killed Natasha
  5123 | D:3      | Reached XP level 5. HP: 38/38 MP: 3/9
  5293 | D:3      | Learned a level 4 spell: Sticky Flame
  5533 | D:3      | Killed Terence
  5563 | D:3      | Reached skill level 1 in Fighting
  5563 | D:3      | Reached skill level 4 in Conjurations
  5763 | D:3      | Reached XP level 6. HP: 46/47 MP: 0/10
  6599 | D:4      | Found a transporter.
  6599 | D:4      | Noticed a kobold demonologist
  6609 | D:4      | Found a transporter.
  6646 | D:4      | Noticed othur's ghost (amateur DsCK)
  6660 | D:4      | Found a shadowy altar of Dithmenos.
  7605 | D:4      | Killed othur's ghost
  7605 | D:4      | Reached skill level 5 in Conjurations
  7605 | D:4      | Your scales start taking on a lurid green colour.
  7605 | D:4      | Reached XP level 7. HP: 56/56 MP: 0/12
  7605 | D:4      | Gained mutation: Your system is resistant to poisons. (rPois) [Green Draconian growth]
  7751 | D:4      | Found a staircase to the Ecumenical Temple.
  7757 | Temple   | Entered the Ecumenical Temple
  7793 | Temple   | Became a worshipper of Vehumet
  7929 | D:5      | Entered Level 5 of the Dungeon
  8162 | D:5      | Noticed Blork the orc
  8173 | D:5      | Killed Blork the orc
  8560 | D:5      | Found Jezxowk's General Store.
  8564 | D:5      | Bought a scroll of remove curse for 36 gold pieces
  8564 | D:5      | Bought a scroll of identify for 24 gold pieces
  8818 | D:5      | Reached skill level 5 in Fire Magic
  9276 | D:5      | Found an iron altar of Okawaru.
  9765 | D:6      | Reached skill level 6 in Conjurations
  9949 | D:6      | Reached XP level 8. HP: 53/66 MP: 7/14
 10382 | D:6      | Reached * piety under Vehumet
 10382 | D:6      | Offered knowledge of Freeze by Vehumet.
 10423 | D:6      | Learned a level 1 spell: Freeze
 10546 | D:6      | Noticed a slime creature
 10601 | D:6      | Killed a slime creature
 10800 | D:6      | Reached skill level 7 in Conjurations
 11030 | D:7      | Reached skill level 5 in Spellcasting
 11167 | D:7      | Noticed a hornet
 11436 | D:7      | Reached skill level 5 in Fighting
 11436 | D:7      | Reached XP level 9. HP: 74/74 MP: 7/16
 11443 | D:7      | Learned a level 5 spell: Fireball
 11511 | D:7      | Offered knowledge of Sandblast by Vehumet.
 11518 | D:7      | Reached ** piety under Vehumet
 11708 | D:7      | Reached skill level 8 in Conjurations
 13010 | D:7      | Found a white marble altar of Elyvilon.
 13212 | D:7      | Got a translucent short sword
 13213 | D:7      | Identified the +10 short sword of Tatutioth {pierce, Str+4} (You found it on level 7 of the Dungeon)
 13377 | D:8      | Noticed a two-headed ogre
 13380 | D:7      | Reached skill level 9 in Conjurations
 13414 | D:8      | Noticed Pikel
 13422 | D:7      | Killed a two-headed ogre
 13422 | D:7      | Reached XP level 10. HP: 35/84 MP: 9/19
 13782 | D:8      | Noticed Grum
 13791 | D:8      | Killed Grum
 14196 | D:8      | Reached skill level 10 in Conjurations
 14534 | D:8      | Noticed a death yak
 14535 | D:8      | Noticed a death yak
 14537 | D:8      | Noticed a death yak
 14539 | D:8      | Noticed a death yak
 14543 | D:8      | Killed a death yak
 14546 | D:8      | Noticed a death yak
 14546 | D:8      | Killed a death yak
 14595 | D:7      | Killed a death yak
 14825 | D:8      | Noticed a two-headed ogre
 14843 | D:8      | Killed a two-headed ogre
 14843 | D:8      | Reached XP level 11. HP: 93/93 MP: 14/22
 14943 | D:8      | Killed a death yak
 14943 | D:8      | Offered knowledge of Ignite Poison by Vehumet.
 14943 | D:8      | Reached skill level 11 in Conjurations
 14948 | D:8      | Killed a death yak
 15493 | D:8      | Found a staircase to the Lair.
 15601 | D:8      | Killed Pikel
 15961 | D:9      | Noticed a two-headed ogre
 15972 | D:9      | Killed a two-headed ogre
 16126 | D:9      | Reached *** piety under Vehumet
 16795 | D:8      | Learned a level 5 spell: Lightning Bolt
 16969 | D:9      | Found a stormy altar of Qazlal.
 16975 | D:9      | Noticed a two-headed ogre
 16981 | D:9      | Killed a two-headed ogre
 17251 | D:9      | Noticed a centaur warrior
 17257 | D:9      | Killed a centaur warrior
 17257 | D:9      | Offered knowledge of Force Lance by Vehumet.
 17728 | D:9      | Noticed a green ugly thing
 17734 | D:9      | Killed a green ugly thing
 17942 | D:9      | Noticed an ice dragon
 17948 | D:9      | Killed an ice dragon
 17948 | D:9      | Reached skill level 12 in Conjurations
 18117 | D:10     | Entered Level 10 of the Dungeon
 18693 | D:10     | Reached **** piety under Vehumet
 18699 | D:10     | Reached XP level 12. HP: 99/103 MP: 15/24
 18827 | D:10     | Offered knowledge of Venom Bolt by Vehumet.
 18834 | D:10     | Noticed a centaur warrior
 18851 | D:10     | Killed a centaur warrior
 19125 | D:10     | Noticed Erica
 19144 | D:10     | Killed Erica
 20225 | D:11     | Noticed Urug
 20229 | D:11     | Killed Urug
 20527 | D:11     | Reached skill level 5 in Dodging
 20529 | D:11     | Reached ***** piety under Vehumet
 20931 | D:11     | Offered knowledge of Ozocubu's Refrigeration by Vehumet.
 20940 | D:11     | Reached skill level 13 in Conjurations
 21670 | D:11     | Reached skill level 10 in Fire Magic
 22243 | Lair:1   | Entered Level 1 of the Lair of Beasts
 22245 | Lair:1   | Reached skill level 10 in Fighting
 22795 | Lair:1   | Reached XP level 13. HP: 112/113 MP: 26/26
 23280 | Lair:1   | Reached skill level 1 in Shields
 23799 | Lair:2   | Reached skill level 1 in Air Magic
 24201 | Lair:2   | Noticed Nergalle
 24434 | Lair:2   | Killed Nergalle
 24614 | Lair:2   | Found a staircase to the Snake Pit.
 24652 | Lair:2   | Offered knowledge of Bolt of Magma by Vehumet.
 24945 | Lair:2   | Learned a level 1 spell: Summon Butterflies
 27024 | Lair:3   | Found a staircase to the Shoals.
 27937 | Lair:4   | Found a shadowy altar of Dithmenos.
 28653 | Lair:4   | Reached skill level 10 in Spellcasting
 28716 | Lair:5   | Found a staircase to the Slime Pits.
 28750 | Lair:5   | Found a viscous altar of Jiyva.
 29135 | Lair:5   | Gained mutation: Your tail ends in a poisonous barb. [Green Draconian growth]
 29135 | Lair:5   | Reached XP level 14. HP: 120/124 MP: 22/28
 29447 | Lair:5   | Reached skill level 5 in Air Magic
 29887 | Lair:6   | Entered Level 6 of the Lair of Beasts
 30387 | Lair:6   | Offered knowledge of Yara's Violent Unravelling by Vehumet.
 33756 | D:12     | Found a staircase to the Orcish Mines.
 34028 | D:12     | Noticed wojtek's ghost (journeyman MiFi)
 34331 | D:11     | Learned a level 4 spell: Airstrike
 34637 | D:12     | Found a deep blue altar of Sif Muna.
 34646 | D:12     | Noticed Josephine
 34695 | D:12     | Killed Josephine
 34696 | D:12     | HP: 6/127 [wyvern (19)]
 34730 | D:11     | Slain by a wyvern

Skill      XL: |  1  2  3  4  5  6  7  8  9 10 11 12 13 14 |
---------------+-------------------------------------------+-----
Conjurations   | 2 3 4 5 6 7 9 10 12 13 | 13.4
Spellcasting   | 3 4 5 6 7 8 9 10 11 | 11.2
Fire Magic     | 4 5 6 7 8 9 10 11 12 | 12.3
Fighting       | 1 2 3 5 6 7 9 10 11 12 | 12.6
Dodging        | 4 5 |  5.7
Shields        | 4 |  4.0
Air Magic      | 4 7 |  7.1
Stealth        | |  1.7

Action                   |  1- 3 |  4- 6 |  7- 9 | 10-12 | 13-15 || total
-------------------------+-------+-------+-------+-------+-------++-------
Melee: Hand axe          |    35 |    24 |    43 |       |       ||   102
       Unarmed           |     1 |       |       |       |       ||     1
       Tailslap          |     4 |     1 |     9 |     9 |     3 ||    26
       War axe           |       |       |    23 |       |       ||    23
       Dire flail        |       |       |    14 |       |       ||    14
       Short sword       |       |       |     2 |    44 |       ||    46
       Eveningstar       |       |       |       |     7 |     2 ||     9
       Staff             |       |       |       |     6 |     7 ||    13
 Cast: Flame Tongue      |    70 |   113 |   187 |   327 |   422 ||  1119
       Throw Flame       |     5 |     2 |     9 |    27 |    33 ||    76
       Conjure Flame     |       |     4 |     6 |    14 |     4 ||    28
       Sticky Flame      |       |     3 |    25 |    47 |   152 ||   227
       Freeze            |       |       |    13 |     4 |    27 ||    44
       Fireball          |       |       |     5 |    73 |    85 ||   163
       Lightning Bolt    |       |       |       |    31 |    41 ||    72
       Summon Butterflie |       |       |       |       |     1 ||     1
       Airstrike         |       |       |       |       |     9 ||     9
 Abil: Breathe Noxious F |       |       |     2 |     2 |       ||     4
  Use: Scroll            |       |    11 |     4 |     6 |     7 ||    28
       Potion            |       |       |     2 |     1 |     2 ||     5
 Stab: Sleeping          |       |       |     1 |       |       ||     1
       Confused          |       |       |       |     1 |       ||     1
  Eat: Chunk             |    10 |    12 |    16 |    22 |    35 ||    95
       Ration            |       |       |     2 |    10 |     7 ||    19
Armor: Skin              |    37 |    26 |    74 |    79 |    90 ||   306
Dodge: Dodged            |    74 |    52 |   106 |   133 |   260 ||   625
Block: Buckler           |       |       |       |       |    65 ||    65
